 Dungeon Crawl Stone Soup version 0.20.1-1-g8b1a95d (webtiles) character file.

60 Nattfarinn the Vexing (level 3, -1/24 HPs)
             Began as a Vampire Enchanter on Aug 2, 2017.
             Slain by a centaur skeleton (5 damage)
             ... on level 3 of the Dungeon.
             The game lasted 00:04:09 (2411 turns).

Nattfarinn the Vexing (Vampire Enchanter)           Turns: 2411, Time: 00:04:09

Health: -1/24      AC:  3    Str:  7    XL:     3   Next: 80%
Magic:  6/6        EV: 12    Int: 18    God:
Gold:   60         SH:  0    Dex: 14    Spells: 2/6 levels left

rFire    . . .     SeeInvis +   e - +0 short sword
rCold    . . .     Gourm    .   (no shield)
rNeg     + . .     Faith    .   b - +0 robe
rPois    .         Spirit   .   (no helmet)
rElec    .         Reflect  .   (no cloak)
rCorr    .         Harm     .   i - +0 pair of gloves
MR       .....                  (no boots)
Stlth    +++.......             m - amulet of inaccuracy (curse)
Regen    0.1/turn               (no ring)
MPRegen  0.1/turn               (no ring)

@: no status effects
A: fangs 3, see invisible, unbreathing
a: Bat Form


You were on level 3 of the Dungeon.
You were not thirsty.

You visited 1 branch of the dungeon, and saw 3 of its levels.

You collected 60 gold pieces.

Inventory:

Hand Weapons
 a - a +1 dagger
 e - a +0 short sword (weapon)
Armour
 b - a +0 robe (worn)
 i - a +0 pair of gloves (worn)
Jewellery
 m - a cursed amulet of inaccuracy (around neck)
Scrolls
 f - 2 scrolls of recharging
 h - 3 scrolls of identify
 k - a scroll of enchant weapon {unknown}
Potions
 d - 4 potions of blood
 g - 2 potions of degeneration {unknown}
 j - 3 potions of curing {unknown}
 l - 2 potions of haste {unknown}
 n - a potion of heal wounds {unknown}
 o - a potion of ambrosia {unknown}
Books
 c - a book of Maledictions

   Spells                             Type                      Level
   a - Corona                         Hexes                        1
   b - Ensorcelled Hibernation        Hexes/Ice                    2
   c - Confuse                        Hexes                        3
   d - Tukima's Dance                 Hexes                        3
   e - Dazzling Spray                 Conjuration/Hexes            3


   Skills:
 - Level 1.1 Short Blades
 - Level 2.1 Dodging
 + Level 5.8 Stealth
 - Level 2.0 Spellcasting
 * Level 6.0 Hexes


You had 2 spell levels left.
You knew the following spells:

 Your Spells              Type           Power        Failure   Level  Hunger
a - Corona                Hex            ###....      1%          1    #......
b - Confuse               Hex            ###.....     4%          3    ###....


Dungeon Overview and Level Annotations

Branches:
Dungeon (3/15)

Altars:
Nemelex Xobeh


Innate Abilities, Weirdness & Mutations

You have razor-sharp teeth.
You have supernaturally acute eyesight. (SInv)
You can survive without breathing.


Message History

The centaur skeleton is moderately damaged.
The centaur skeleton misses you.
You hit the centaur skeleton. You bite the centaur skeleton.
The centaur skeleton is heavily damaged.
The centaur skeleton completely misses you.
The centaur skeleton hits you.
You are too injured to fight recklessly!
You are too injured to fight recklessly!
You are too injured to fight recklessly!
You are too injured to fight recklessly!
You are too injured to fight recklessly!
The centaur skeleton closely misses you.
You barely miss the centaur skeleton. You bite the centaur skeleton.
The centaur skeleton is severely damaged.
The centaur skeleton barely misses you. The centaur skeleton hits you!
* * * LOW HITPOINT WARNING * * *
You hit the centaur skeleton but do no damage.
The centaur skeleton is severely damaged.
The centaur skeleton hits you.
You die...

.######## ........#
......#.# #####.#.#
....<...#
##################
........)........#######
........................
#.##############@......#
#.# #Z......# #.#
#.......# #.# #.......#
#.# #.......# #.#
#.^.....# #.# #.......#
#.# #.(.....# #....?..#


You could see a centaur skeleton.

Vanquished Creatures
  An adder (D:2)
  An ooze (D:1)
  A dart slug (D:1)
  2 leopard geckos (D:2)
  4 giant cockroaches
  5 goblins
  8 hobgoblins
  2 jackals (D:1)
  5 bats
  4 frilled lizards
  6 kobolds
  3 rats
42 creatures vanquished.

Notes
Turn   | Place    | Note
-------+----------+-------------------------------------------
     0 | D:1      | Nattfarinn the Vampire Enchanter began the quest for the Orb.
     0 | D:1      | Reached XP level 1. HP: 13/13 MP: 3/3
   107 | D:1      | Reached skill level 5 in Hexes
   107 | D:1      | Reached XP level 2. HP: 10/19 MP: 5/5
   561 | D:1      | Reached skill level 5 in Stealth
  1279 | D:1      | Reached XP level 3. HP: 21/24 MP: 6/6
  1284 | D:1      | Learned a level 3 spell: Confuse
  2148 | D:2      | Found a sparkling altar of Nemelex Xobeh.
  2374 | D:3      | Reached skill level 6 in Hexes
  2411 | D:3      | Slain by a centaur skeleton

Skill      XL: |  1  2  3 |
---------------+----------+-----
Hexes          | 5 6 |  6.0
Stealth        | 5 |  5.8
Short Blades   | |  1.1
Dodging        | |  2.1
Spellcasting   | |  2.0

Action                   || total
-------------------------++-------
Melee: Short sword       ||   204
       Bite              ||     9
 Cast: Confuse           ||     1
  Use: Scroll            ||     2
 Stab: Sleeping          ||    14
       Confused          ||     1
  Eat: Corpse            ||     8
Armor: Robe              ||    50
Dodge: Dodged            ||   144
